 Dungeon Crawl Stone Soup version 0.29-a0-297-g7659ce593d (webtiles) character file.

Game seed: 11178034368110315780

4259 Dabor the Envoy of Void (level 10, -10/77 HPs)
             Began as a Formicid Abyssal Knight on Mar 21, 2022.
             Was a High Priest of Lugonu.
             Mangled by a two-headed ogre
             ... wielding a +0 giant spiked club
              (12 damage)
             ... on level 9 of the Dungeon.
             The game lasted 00:13:39 (7920 turns).

Dabor the Envoy of Void (Formicid Abyssal Knight)   Turns: 7920, Time: 00:13:40

Health: -10/77     AC: 11    Str: 22    XL:     10   Next: 56%
Magic:  15/15      EV: 17    Int: 10    God:    Lugonu [*****.]
Gold:   321        SH:  7    Dex: 13    Spells: 9/9 levels left

rFire   + . .      SeeInvis +   t - +11 mace of Writhing Sudden Death {spect, rPois rN+ Dex+2}
rCold   . . .      Faith    .   e - +2 buckler
rNeg    + . .      Spirit   .   k - +4 leather armour "Alivuot" {rElec}
rPois   +          Reflect  .   (helmet unavailable)
rElec   +          Harm     .   (no cloak)
rCorr   .          Rampage  .   D - +0 pair of gloves
Will    +....                   r - +1 pair of boots
Stlth   ++........              (no amulet)
HPRegen 0.22/turn               c - ring of Keenuphe {rF+ Slay+2}
MPRegen 0.14/turn               A - +4 ring of evasion

@: no status effects
A: permanent stasis, dig shafts and tunnels, antennae 3, four strong arms
a: Dig, Shaft Self, Renounce Religion, Depart the Abyss, Bend Space, Banish,
Corrupt, Enter the Abyss


You were on level 9 of the Dungeon.
You worshipped Lugonu.
Lugonu was extremely pleased with you.
You visited 1 branch of the dungeon, and saw 9 of its levels.
You visited the Abyss 1 time.

You collected 321 gold pieces.

Inventory:

Hand Weapons
 a - a +2 spear
 t - the +11 mace of Writhing Sudden Death (weapon) {spect, rPois rN+ Dex+2}
   (You found it on level 6 of the Dungeon)

   When its wielder attacks, the weapon's spirit leaps out and strikes again.
   The spirit shares a part of any damage it takes with its wielder.
   Dex:       It affects your dexterity (+2).
   rPois:     It protects you from poison.
   rN:        It protects you from negative energy.
Missiles
 q - a silver boomerang (quivered)
 w - 12 poisoned darts
Armour
 e - a +2 buckler (worn)
 k - the +4 leather armour "Alivuot" (worn) {rElec}
   (You found it on level 2 of the Dungeon)

   rElec:     It insulates you from electricity.
 r - a +1 pair of boots (worn)
 D - a +0 pair of gloves (worn)
Jewellery
 c - the ring of Keenuphe (left hand) {rF+ Slay+2}
   (You acquired it on level 2 of the Dungeon)

   [ring of protection from fire]

   Slay:      It affects your accuracy & damage with ranged weapons and melee
   (+2).
   rF:        It protects you from fire.
 f - a ring of poison resistance
 h - a ring of flight
 A - a +4 ring of evasion (right hand)
 B - a ring of resist corrosion
Wands
 p - a wand of digging (3)
 u - a wand of mindburst (16)
 x - a wand of charming (12)
Scrolls
 b - a scroll of summoning {unknown}
 g - a scroll of enchant armour
 i - 2 scrolls of fear
 m - 2 scrolls of brand weapon
 y - a scroll of blinking {unknown}
 z - 4 scrolls of identify
 C - a scroll of noise {unknown}
 E - a scroll of amnesia {unknown}
Potions
 d - 3 potions of ambrosia
 j - 2 potions of heal wounds {unknown}
 l - a potion of brilliance {unknown}
 n - 2 potions of lignification {unknown}
 o - a potion of degeneration
 s - 2 potions of haste
 v - 2 potions of curing


   Skills:
 * Level 6.9 Fighting
 - Level 2.0 Maces & Flails
 * Level 5.9 Polearms
 + Level 3.4 Throwing
 * Level 6.3 Armour
 * Level 5.0 Dodging
 + Level 4.6 Stealth
 * Level 6.3 Shields
 * Level 6.9 Invocations


You had 9 spell levels left.
You didn't know any spells.
Your spell library contained the following spells:

 Spells                   Type           Power      Damage    Failure   Level
 Magic Dart               Conj           0%         1d3       45%         1
 Searing Ray              Conj           0%         2d4       61%         2
 Ozocubu's Armour         Ice            0%         N/A       83%         3
 Summon Guardian Golem    Hex/Summ       0%         N/A       83%         3
 Fulminant Prism          Conj/Hex       0%         3d6       99%         4
 Metabolic Englaciation   Hex/Ice        0%         N/A       100%        5
 Summon Forest            Summ/Tloc      0%         N/A       100%        5
 Summon Mana Viper        Hex/Summ       0%         N/A       100%        5
 Simulacrum               Ice/Necr       0%         N/A       100%        6
 Summon Cactus Giant      Summ           0%         N/A       100%        6
 Orb of Destruction       Conj           0%         9d5       100%        7
 Spellforged Servitor     Conj/Summ      0%         N/A       100%        7


Dungeon Overview and Level Annotations

Branches:
Dungeon (9/15)             Temple (0/1) D:7            Lair (0/6) D:9
    Orc: D:9-12

Altars:
Vehumet

Shops:
D:2 *


Innate Abilities, Weirdness & Mutations

You cannot be hasted, slowed, berserked, paralysed or teleported.
You can dig through walls and to a lower floor.
You have a pair of large antennae on your head. (SInv)
Your four strong arms can wield two-handed weapons with a shield.


Message History

You kill the orc warrior!
Lugonu accepts your kill.
No target in view!
No target in view!
No target in view!
Things that are here:
a +0 long sword; a +0 plate armour
There is an open door, spattered with blood here.
Found a chain mail.
E - a scroll labelled JOHONK QOCVI You see here a +0 chain mail.
A two-headed ogre and 2 wights come into view.
The two-headed ogre shouts in stereo!
You hear an angry buzzing noise.
The two-headed ogre moves out of view.
There are monsters nearby!
A wight comes into view. It is wielding a +3 mace.
You see here 14 gold pieces.
You see here 14 gold pieces.
You hit the two-headed ogre.
The two-headed ogre is lightly wounded.
Your +11 mace of Writhing Sudden Death {spect, rPois rN+ Dex+2} hits the two-headed ogre!
A wight comes into view. It is wielding a +0 halberd.
A wight comes into view. It is wielding a +2 falchion.
You block the two-headed ogre's attack.
The two-headed ogre hits you with a +0 giant club!!
You thump the two-headed ogre!
The two-headed ogre is moderately wounded.
Your +11 mace of Writhing Sudden Death {spect, rPois rN+ Dex+2} hits the two-headed ogre!
You block the wight's attack.
The two-headed ogre hits you with a +0 giant spiked club!!
The two-headed ogre closely misses you.
You bludgeon the two-headed ogre!!
The two-headed ogre is almost dead.
Your +11 mace of Writhing Sudden Death {spect, rPois rN+ Dex+2} barely misses the two-headed ogre.
The wight barely misses your +11 mace of Writhing Sudden Death {spect, rPois rN+ Dex+2}.
The wight closely misses you.
The two-headed ogre hits you with a +0 giant spiked club!!
* * * LOW HITPOINT WARNING * * *
The two-headed ogre hits you with a +0 giant club!
You die...

###.....P### #.#
####.#.#### #.#
#.#.# ..# #[# #.#..
#.########.#
#...#####.........#
##..........########
#.....#.##.##
##.#....z(#.##
.....z..zO@##
##.##.##.z## # #...#
z.#..# .......#
..#.##..# . #. #...
# #.#.


You could see a two-headed ogre, 5 wights and a friendly +11 mace of Writhing
Sudden Death {spect, rPois rN+ Dex+2} (summoned).

Vanquished Creatures
  An ugly thing (D:8)
  Prince Ribbit (D:7)
  A wyvern (D:7)
  2 black bears
  A sky beast (D:5)
  4 orc warriors
  A centaur (D:4)
  2 ogres
  2 phantoms (D:4)
  4 kobold brigands
  2 bullfrogs
  3 necrophages
  A gnoll sergeant (D:9)
  5 scorpions
  5 wights (D:7)
  11 killer bees
  4 howler monkeys
  A hound (D:4)
  2 orc priests
  A gnoll shaman (D:6)
  7 iguanas
  3 orc wizards
  8 adders
  8 gnolls
  A shadow imp (D:6)
  A white imp (D:4)
  2 ufetubi (D:5)
  A worm (D:2)
  4 dart slugs
  18 orcs
  4 ball pythons
  4 endoplasms
  A giant cockroach (D:1)
  3 hobgoblins
  6 quokkas
  4 bats
  5 frilled lizards
  8 goblins
  21 kobolds
  4 rats
167 creatures vanquished.

Vanquished Creatures (others)
  9 fungi (D:9)
  9 plants
18 creatures vanquished.

Grand Total: 185 creatures vanquished

Notes
Turn   | Place    | Note
-------+----------+-------------------------------------------
     0 | Abyss:1  | Dabor the Formicid Abyssal Knight began the quest for the
                  | Orb.
     0 | Abyss:1  | Reached XP level 1. HP: 18/18 MP: 2/2
    13 | D:1      | Escaped the Abyss
   197 | D:1      | Reached skill level 1 in Dodging
   248 | D:1      | Reached XP level 2. HP: 19/24 MP: 3/3
   344 | D:1      | Found a faded altar of an unknown god.
   922 | D:2      | Reached XP level 3. HP: 29/29 MP: 4/4
   970 | D:2      | Identified the +4 leather armour "Alivuot" {rElec}
  1104 | D:2      | Reached *** piety under Lugonu
  1589 | D:2      | Found Ixkablee's General Store.
  1622 | D:2      | Identified a scroll of acquirement
  1623 | D:2      | Acquired the ring of Keenuphe {rF+ Slay+2}
  1723 | D:3      | Reached XP level 4. HP: 37/37 MP: 6/6
  2070 | D:3      | Reached skill level 1 in Shields
  2070 | D:3      | Reached XP level 5. HP: 42/42 MP: 7/7
  2427 | D:4      | Noticed an ogre
  2900 | D:4      | Reached skill level 1 in Stealth
  2900 | D:4      | Reached XP level 6. HP: 41/48 MP: 8/8
  3049 | D:4      | Reached XP level 7. HP: 50/55 MP: 9/9
  3143 | D:4      | Reached skill level 1 in Throwing
  3634 | D:4      | Found a radiant altar of Vehumet.
  3706 | D:5      | Entered Level 5 of the Dungeon
  3718 | D:5      | Reached XP level 8. HP: 61/61 MP: 11/11
  4350 | D:5      | Reached skill level 5 in Fighting
  4360 | D:5      | Reached **** piety under Lugonu
  4777 | D:6      | Reached skill level 5 in Invocations
  4779 | D:6      | Identified the +11 mace of Writhing Sudden Death {spect,
                  | rPois rN+ Dex+2}
  5053 | D:6      | Reached skill level 1 in Maces & Flails
  5160 | D:6      | Reached XP level 9. HP: 31/68 MP: 12/12
  5661 | D:7      | Noticed Prince Ribbit
  5666 | D:7      | Killed Prince Ribbit
  5667 | D:7      | Reached skill level 5 in Armour
  5937 | D:7      | Found a staircase to the Ecumenical Temple.
  5945 | D:7      | Reached skill level 5 in Polearms
  5945 | D:7      | Reached skill level 5 in Shields
  6494 | D:8      | Noticed a white ugly thing
  6500 | D:8      | Killed a white ugly thing
  6503 | D:8      | Reached XP level 10. HP: 41/77 MP: 14/14
  7333 | D:9      | Reached ***** piety under Lugonu
  7620 | D:9      | Reached skill level 5 in Dodging
  7818 | D:9      | Found a staircase to the Lair.
  7911 | D:9      | Noticed a two-headed ogre
  7920 | D:9      | HP: 2/77 [two-headed ogre/+0 giant spiked club (26)]
  7920 | D:9      | Mangled by a two-headed ogre

Illustrated notes

Levels and vault maps discovered:
D:1:      saegor_arrival_simple_b, layout_loops_cross,
          shapermc_ecumenical_altar_totnotflames
D:2:      layout_basic, serial_shops, shop, minmay_tromino_v2
D:3:      layout_rooms, chequers_avenue
D:4:      layout_rooms, nicolae_vehumet_altar_sigil, serial_bayou_pond_a,
          minmay_parallelograms
D:5:      layout_cave_pools
D:6:      layout_rooms
D:7:      layout_basic, minmay_temple_entry_offerings,
          kennysheep_generic_room_7, uniq_prince_ribbit1, uniq_maggie
D:8:      layout_loops_ring
D:9:      layout_loops_ring, grunt_lair_entry_orc_guard_hut

Skill      XL: |  1  2  3  4  5  6  7  8  9 10 |
---------------+-------------------------------+-----
Dodging        | 1 2 3 4 5 |  5.0
Invocations    | 3 4 5 6 |  6.9
Armour         | 3 4 5 6 |  6.3
Shields        | 1 2 3 4 5 6 |  6.3
Fighting       | 4 5 6 |  6.9
Polearms       | 3 4 5 |  5.9
Stealth        | 1 2 3 4 |  4.6
Throwing       | 1 2 3 |  3.4
Maces & Flails | 1 2 |  2.0

Action                   |  1- 3 |  4- 6 |  7- 9 | 10-12 || total
-------------------------+-------+-------+-------+-------++-------
Melee: Spear             |    97 |    94 |    75 |       ||   266
       Mace              |       |       |    64 |    93 ||   157
Throw: Boomerang         |       |    18 |    42 |     5 ||    65
Invok: Bend Space        |       |     1 |       |       ||     1
  Use: Scroll            |     4 |     1 |     4 |       ||     9
       Potion            |       |     3 |       |       ||     3
 Stab: Sleeping          |     1 |     2 |     1 |     1 ||     5
       Distracted        |       |     1 |       |       ||     1
Armor: Leather armour    |    18 |    11 |    28 |    20 ||    77
Dodge: Dodged            |    41 |    32 |    72 |    79 ||   224
Block: Buckler           |     1 |    25 |    35 |    34 ||    95

Table legend: (Time is in decaauts)
 A = Elapsed time spent in this place.
 B = Non-inter-level travel time spent in this place.
 C = Inter-level travel time spent in this place.
 D = Time resting spent in this place.
 E = Time spent auto-exploring this place.
 F = Levels seen in this place.
 G = Mean time per level.
                   A        B        C        D        E       F      G
               +--------+--------+--------+--------+--------+-----+--------+
         Total |   7985 |   7719 |    266 |   1787 |   4597 |  10 |  798.5 |
       Dungeon |   7972 |   7706 |    266 |   1787 |   4590 |   9 |  885.8 |
         Abyss |     13 |     13 |      0 |      0 |      7 |   1 |   13.0 |
               +--------+--------+--------+--------+--------+-----+--------+

Top non-repeatable levels by time:
     D:4: 1355 daAuts
     D:3: 1061 daAuts
     D:8: 1018 daAuts
     D:6: 933 daAuts
     D:1: 899 daAuts
     D:2: 889 daAuts
     D:7: 671 daAuts
     D:9: 634 daAuts
     D:5: 508 daAuts
 Abyss:1: 13 daAuts
